 Dungeon Crawl Stone Soup version 0.25.1-2-g60ff931df9 (webtiles) character file.

Game seed: 3000855405949983174

382 gbos the Chopper (level 6, -2/38 HPs)
             Began as a Gargoyle Fighter on Nov 16, 2020.
             Was an Initiate of Okawaru.
             Slain by an orc warrior
             ... wielding a +0 trident
              (4 damage)
             ... on level 4 of the Dungeon.
             The game lasted 00:01:06 (3277 turns).

gbos the Chopper (Gargoyle Fighter)                 Turns: 3277, Time: 00:01:07

Health: -2/38      AC: 11    Str: 21    XL:     6   Next: 76%
Magic:  6/6        EV:  7    Int:  9    God:    Okawaru [......]
Gold:   268        SH:  9    Dex:  9    Spells: 5/5 levels left

rFire    . . .     SeeInvis .   Y - +2 war axe
rCold    . . .     Gourm    .   c - +0 kite shield
rNeg     + . .     Faith    .   b - +0 scale mail
rPois    ∞         Spirit   .   (no helmet)
rElec    +         Reflect  .   (no cloak)
rCorr    .         Harm     .   (no gloves)
MR       .....                  (no boots)
Stlth    ..........             (no amulet)
HPRegen  0.12/turn              (no ring)
MPRegen  0.10/turn              (no ring)

@: about to teleport
A: negative energy resistance 1, electricity resistance, unbreathing,
petrification resistance, rot immunity, AC +4
a: Renounce Religion


You were on level 4 of the Dungeon.
You worshipped Okawaru.
Okawaru was noncommittal.
You were hungry.

You visited 2 branches of the dungeon, and saw 5 of its levels.

You collected 268 gold pieces.


Innate Abilities, Weirdness & Mutations

You are resistant to torment.
Your stone body is resilient. (AC +4)
You are immune to poison.
You resist negative energy. (rN+)
You are resistant to electric shocks. (rElec)
You can survive without breathing.
You are immune to petrification.
You are immune to rotting.


   Skills:
 - Level 4.2 Fighting
 - Level 5.3 Axes
 - Level 3.2 Armour
 + Level 0.8 Dodging
 - Level 4.1 Shields


You had 5 spell levels left.
You didn't know any spells.
Your spell library was empty.

Inventory:

Hand Weapons
 h - a +0 mace
 Y - a +2 war axe (weapon)
Armour
 b - a +0 scale mail (worn)
 c - a +0 kite shield (worn)
Wands
 k - a wand of disintegration (9)
Scrolls
 a - 2 scrolls of remove curse
 g - 2 scrolls of identify
 j - a scroll of teleportation
Potions
 d - a potion of might
 f - 2 potions of curing
 i - a potion of haste
Comestibles
 e - 12 rations
 l - a chunk of flesh

Dungeon Overview and Level Annotations

Branches:
Dungeon (4/15)             Temple (1/1) D:4

Altars:
Cheibriados
Dithmenos
Elyvilon
Gozag
Hepliaklqana
Kikubaaqudgha
Makhleb
Nemelex Xobeh
Okawaru
Qazlal
Sif Muna
Uskayaw
Vehumet
Wu Jian
Xom
Zin
The Shining One


Message History

The orc warrior hits you but does no damage.
You hit the orc wizard.
The orc wizard is heavily wounded.
The orc wizard mumbles some strange words.
The orc wizard blinks!
The orc warrior barely misses you.
The orc warrior hits you with a +0 trident!
Some of the chunks of flesh in your inventory have rotted away.
Things that are here:
a +0 dagger; a +0 robe
3276 ||| READING 2 scrolls of teleportation.
As you read the scroll of teleportation, it crumbles to dust.
You feel strangely unstable. You block the orc warrior's attack.
Something hits you but does no damage.
You hit the orc warrior.
The orc warrior is lightly wounded.
You hit something but do no damage.
You are feeling hungry.
Something hits you but does no damage.
The orc warrior hits you with a +0 trident.
You die...

..#...........
............. #...#
..##...#..# #... ...
..........# #... ...
..####.##.# #... ..##
.#####.##.# #..##...
..........# #... ..#
###.####### #{o# ..#
###.#.#########.@##..#
..............##.....#
..............###o##.#
..................# #
.###..#...........#
.#)#..#...........#
.###..#.......###.#
......#.......# #.#
.############## #.#


You could see an orc warrior and an orc wizard (fast).

Vanquished Creatures
  An ogre (D:4)
  A scorpion (D:4)
  A crimson imp (D:4)
  A bullfrog skeleton (D:4)
  2 hounds (D:4)
  An orc wizard (D:4)
  2 adders (D:2)
  An ooze (D:1)
  2 worms (D:4)
  A dart slug (D:2)
  3 leopard geckos
  2 orcs
  A ball python (D:2)
  3 bats
  3 giant cockroaches
  10 hobgoblins
  4 kobolds
  A quokka (D:2)
  3 frilled lizards
  13 goblins
  A leopard gecko skeleton (D:4)
  6 rats
63 creatures vanquished.

Notes
Turn   | Place    | Note
-------+----------+-------------------------------------------
     0 | D:1      | gbos the Gargoyle Fighter began the quest for the Orb.
     0 | D:1      | Reached XP level 1. HP: 14/14 MP: 1/1
     0 | D:1      | 0 ||| counter = 17
   159 | D:1      | Reached skill level 2 in Axes
   475 | D:1      | Reached XP level 2. HP: 19/19 MP: 2/2
   589 | D:1      | 589 ||| READING 2 scrolls labeled ZYCHIA COPSUC.
   590 | D:1      | 590 ||| READING scroll labeled KEISINL OHOFO.
   591 | D:1      | 591 ||| READING scroll labeled QETREDW REPSI.
   592 | D:1      | 592 ||| READING scroll labeled ZUFONN ANAGOPP.
   593 | D:1      | 593 ||| DRINKING 2 ruby potions.
   594 | D:1      | 594 ||| DROPPING potion of degeneration.
   619 | D:2      | 619 ||| STAIRDANCE
   626 | D:2      | 626 ||| STAIRDANCE
   630 | D:2      | 630 ||| STAIRDANCE
   778 | D:2      | 778 ||| UPGRADING to mace.
   779 | D:2      | 779 ||| SWAPPING to +1 war axe.
   780 | D:2      | 780 ||| DROPPING +0 club.
   825 | D:2      | Reached skill level 3 in Axes
   926 | D:2      | HP: 4/19 [adder (1)]
   930 | D:2      | Reached XP level 3. HP: 2/23 MP: 3/3
  1214 | D:2      | 1214 ||| EATING 2 rations.
  1412 | D:2      | Found a radiant altar of Vehumet.
  1557 | D:2      | Found a hide-covered altar of Uskayaw.
  1608 | D:2      | 1608 ||| READING scroll labeled JUBUET YLIA.
  1613 | D:2      | 1613 ||| READING scroll labeled IXZUGROPTE.
  1614 | D:2      | 1614 ||| READING 4 scrolls of identify.
  1614 | D:2      | 1614 ||| IDENTIFYING blue potion
  1615 | D:2      | 1615 ||| READING 3 scrolls of identify.
  1615 | D:2      | 1615 ||| IDENTIFYING golden potion
  1616 | D:2      | 1616 ||| READING 2 scrolls of identify.
  1616 | D:2      | 1616 ||| IDENTIFYING lumpy dark potion
  1617 | D:2      | 1617 ||| DROPPING potion of invisibility.
  1618 | D:2      | 1618 ||| DROPPING potion of brilliance.
  1653 | D:3      | 1653 ||| STAIRDANCE
  1908 | D:3      | Reached XP level 4. HP: 28/28 MP: 4/4
  2422 | D:3      | 2422 ||| READING scroll labeled CANAER NOKOLIL.
  2423 | D:3      | 2423 ||| READING scroll labeled KYFRENWUATA.
  2484 | D:4      | Reached skill level 4 in Axes
  2535 | D:4      | Reached XP level 5. HP: 28/32 MP: 5/5
  2639 | D:4      | Noticed an ogre
  2649 | D:4      | Killed an ogre
  2649 | D:4      | Reached skill level 5 in Axes
  2806 | D:4      | Reached XP level 6. HP: 30/38 MP: 6/6
  2878 | D:4      | Found a staircase to the Ecumenical Temple.
  2888 | Temple   | Entered the Ecumenical Temple
  2889 | Temple   | 2889 ||| Entered T.
  2916 | Temple   | Became a worshipper of Warmaster Okawaru
  2928 | Temple   | 2928 ||| READING 2 scrolls of identify.
  2928 | Temple   | 2928 ||| IDENTIFYING murky red potion
  3163 | D:4      | 3163 ||| READING scroll of enchant weapon.
  3163 | D:4      | 3163 ||| ENCHANTING +1 war axe.
  3262 | D:4      | Noticed an orc warrior
  3275 | D:4      | HP: 1/38 [orc warrior/+0 trident (10)]
  3276 | D:4      | 3276 ||| READING 2 scrolls of teleportation.
  3277 | D:4      | Slain by an orc warrior

Levels and vault maps discovered:
D:1:      lightli_arrival_quake, layout_basic
D:2:      minmay_chambers_of_twos, layout_rooms, vehumet_crystals,
          lemuel_coloured_pillars_altar
D:3:      layout_basic, first_ration
D:4:      cheibrodos_greedy_goblins, layout_basic, minmay_temple_entry_glass,
          item_on_display_a
Temple:   eino_wide_crystal_templ

Skill      XL: |  1  2  3  4  5  6 |
---------------+-------------------+-----
Axes           | 2 3 4 5 |  5.3
Fighting       | 4 |  4.2
Shields        | 4 |  4.1
Armour         | |  3.2
Dodging        | |  0.8

Action                   |  1- 3 |  4- 6 || total
-------------------------+-------+-------++-------
Melee: War axe           |   116 |   116 ||   232
  Use: Scroll            |     9 |     5 ||    14
       Potion            |     1 |       ||     1
  Eat: Ration            |     1 |       ||     1
       Chunk             |       |     4 ||     4
Armor: Scale mail        |    80 |    52 ||   132
Dodge: Dodged            |    38 |    27 ||    65
Block: Kite shield       |    72 |    52 ||   124
